 Dungeon Crawl Stone Soup version 0.28-a0-46-g7b1be97da7 (webtiles) character file.

Game seed: 13108533966384547995

433899 wakim the Unseen (level 25, -7/157 HPs)
             Began as a Kobold Enchanter on July 29, 2021.
             Was the Champion of Wu Jian.
             Mangled by Mennas (10 damage)
             ... on level 5 of the Vaults.
             The game lasted 03:45:38 (62529 turns).

wakim the Unseen (Kobold Enchanter)                Turns: 62529, Time: 03:45:39

Health: -7/157     AC: 15    Str:  6    XL:     25   Next: 14%
Magic:  37/37      EV: 52    Int: 29    God:    Wu Jian [******]
Gold:   4241       SH: 13    Dex: 34    Spells: 9/44 levels left

rFire   + + +      SeeInvis +   a - +9 quick blade (elec)
rCold   . . .      Faith    +   l - +3 warlock's mirror {reflect}
rNeg    . . .      Spirit   .   z - +1 troll leather armour of the Harvest Moon {Harm rF+ Will+ Regen+ Int+6}
rPois   .          Reflect  +   P - +2 hat "Winy" {rF+ Will+ Dex+6}
rElec   +          Harm     +   j - scarf {shadows}
rCorr   .          Rampage  .   m - +2 pair of gloves
Will    +++++                   c - +2 pair of boots of Divine Compulsion {Will+}
Stlth   ++++......              h - amulet of faith
HPRegen 1.36/turn               Q - ring of Voketargh {rElec Int+6}
MPRegen 0.25/turn               g - ring "Memuuram" {Dex+4 SInv Stlth+}

@: in a heavenly storm, hasted, glowing, studying Armour, very quick
A: small, no large weapons, nightstalker 3, dopey 1, fire resistance 1,
strong-willed 1, sense surroundings 1
}: 2/15 runes: decaying, serpentine
a: Renounce Religion, Wall Jump, Serpent's Lash, Heavenly Storm


You were on level 5 of the Vaults.
You worshipped Wu Jian.
Wu Jian was exalted by your worship.
You visited 9 branches of the dungeon, and saw 43 of its levels.
You visited 1 bazaar.
You also visited: Sewer and Ice Cave.

You collected 9729 gold pieces.
You spent 5488 gold pieces at shops.

Inventory:

Hand Weapons
 a - a +9 quick blade of electrocution (weapon)
 b - the +8 arc blade {discharge, rElec}
   (You found it on level 14 of the Dungeon)

   It occasionally unleashes powerful arcs of lightning upon striking a foe.
   These may arc to other adjacent creatures (including the wielder, but dealing
   reduced damage to them) before grounding out.
   rElec:     It insulates you from electricity.
 x - the +7 trident "Tadiow" {antimagic, rPois}
   (You found it on level 5 of the Vaults)

   It reduces the magical energy of the wielder, and disrupts the spells and
   magical abilities of those it strikes.
   Natural abilities and divine invocations are not affected.
   rPois:     It protects you from poison.
Missiles
 f - a throwing net {=f!f}
 o - 27 curare-tipped darts {=f}
Armour
 c - the +2 pair of boots of Divine Compulsion (worn) {Will+}
   (You bought it in a shop on level 2 of the Orcish Mines)

   Will:      It increases your willpower.
 j - a scarf of shadows (worn)
 l - the +3 warlock's mirror (worn) {reflect}
   (You took it off an orc on level 4 of the Dungeon)

   It can block and reflect piercing ranged attacks and magical attacks against
   the wielder's willpower.
 m - a +2 pair of gloves (worn)
 z - the +1 troll leather armour of the Harvest Moon (worn) {Harm rF+ Will+ Regen+ Int+6}
   (You bought it in a shop on level 2 of the Orcish Mines)

   Int:       It affects your intelligence (+6).
   rF:        It protects you from fire.
   Regen:     It increases your rate of health regeneration.
   Harm:      It increases damage dealt and taken.
   Will:      It increases your willpower.
 P - the +2 hat "Winy" (worn) {rF+ Will+ Dex+6}
   (You found it on level 2 of the Snake Pit)

   Dex:       It affects your dexterity (+6).
   rF:        It protects you from fire.
   Will:      It increases your willpower.
Jewellery
 d - the ring of Lesser Demons {rElec rPois Str-5 Dex+3 SInv}
   (You took it off a deep elf death mage on level 3 of the Elven Halls)

   [ring of see invisible]

   Str:       It affects your strength (-5).
   Dex:       It affects your dexterity (+3).
   rElec:     It insulates you from electricity.
   rPois:     It protects you from poison.
   SInv:      It lets you see invisible.
 e - a ring of resist corrosion
 g - the ring "Memuuram" (right hand) {Dex+4 SInv Stlth+}
   (You bought it in a shop on level 2 of the Orcish Mines)

   [ring of see invisible]

   Dex:       It affects your dexterity (+4).
   SInv:      It lets you see invisible.
   Stlth:     It makes you more stealthy.
 h - an amulet of faith (around neck)
 i - the ring "Retoguipt" {Wiz rN+++ rCorr Dex-2 Stlth+}
   (You acquired it on level 2 of the Vaults)

   [ring of wizardry]

   It improves your spell success rate.
   Dex:       It affects your dexterity (-2).
   rN:        It renders you almost immune to negative energy.
   rCorr:     It protects you from acid and corrosion.
   Stlth:     It makes you more stealthy.
 k - a ring of positive energy
 A - the ring of the Median {Will+ Dex+2}
   (You took it off a deep elf high priest on level 3 of the Elven Halls)

   [ring of willpower]

   Dex:       It affects your dexterity (+2).
   Will:      It increases your willpower.
 B - the ring of Reimbursement {rC+ MP+9 Str+2}
   (You found it on level 2 of the Snake Pit)

   [ring of magical power]

   Str:       It affects your strength (+2).
   rC:        It protects you from cold.
   MP:        It affects your magic capacity (+9).
 L - the ring "Gur Pedaes" {rF+ Int+6 SInv}
   (You found it on level 3 of the Elven Halls)

   [ring of see invisible]

   Int:       It affects your intelligence (+6).
   rF:        It protects you from fire.
   SInv:      It lets you see invisible.
 M - a ring of flight
 Q - the ring of Voketargh (left hand) {rElec Int+6}
   (You found it on level 3 of the Lair of Beasts)

   [ring of intelligence]

   Int:       It affects your intelligence (+6).
   rElec:     It insulates you from electricity.
 V - a ring of protection from cold
Wands
 n - a wand of iceblast (43)
 t - a wand of digging (5)
 u - a wand of mindburst (91)
 v - a wand of flame (22)
 w - a wand of acid (17)
 y - a wand of paralysis (12)
Scrolls
 p - 3 scrolls of enchant armour
 r - a scroll of identify
 s - 4 scrolls of enchant weapon
 R - 7 scrolls of magic mapping {!r}
 S - 2 scrolls of summoning
 T - 19 scrolls of teleportation
 U - 8 scrolls of fear
 W - 3 scrolls of holy word
 X - 7 scrolls of fog
 Y - 7 scrolls of blinking {!r}
 Z - 3 scrolls of silence {!r}
Potions
 C - 4 potions of berserk rage {!q}
 D - 6 potions of brilliance
 E - a potion of cancellation
 F - 12 potions of curing
 G - 12 potions of flight
 H - 6 potions of haste
 I - 3 potions of invisibility
 K - 6 potions of magic
 N - 4 potions of might
 O - 4 potions of resistance


   Skills:
 * Level 16.0 Fighting
 + Level 16.5 Short Blades
 - Level 10.0 Armour
 - Level 18.0 Dodging
 + Level 20.1 Stealth
 - Level 10.0 Shields
 - Level 10.0 Spellcasting
 - Level 6.0 Conjurations
 + Level 19.1 Hexes
 - Level 10.0 Translocations
 - Level 4.0 Transmutations
 - Level 6.0 Ice Magic
 - Level 4.0 Air Magic
 - Level 4.0 Earth Magic
 - Level 4.0 Poison Magic
 - Level 9.0 Evocations


You had 9 spell levels left.
You knew the following spells:

 Your Spells              Type           Power      Damage    Failure   Level
a - Corona                Hex            100%       N/A       0%          1
b - Confusing Touch       Hex            90%        N/A       0%          3
c - Dazzling Flash        Conj/Hex       100%       N/A       1%          3
d - Tukima's Dance        Hex            90%        N/A       0%          3
e - Invisibility          Hex            45%        N/A       1%          6
f - Cause Fear            Hex            45%        N/A       1%          4
g - Teleport Other        Tloc           64%        N/A       1%          3
h - Swiftness             Air            37%        N/A       3%          3
i - Mephitic Cloud        Conj/Pois/Air  41%        N/A       2%          3
q - Passwall              Tmut/Erth      30%        N/A       1%          2
s - Slow                  Hex            90%        N/A       0%          2
x - Ensorcelled Hibernat  Hex/Ice        100%       N/A       1%          2

Your spell library contained the following spells:

 Spells                   Type           Power      Damage    Failure   Level
 Apportation              Tloc           100%       N/A       1%          1
 Beastly Appendage        Tmut           74%        N/A       1%          1
 Magic Dart               Conj           100%       1d8       1%          1
 Blink                    Tloc           N/A        N/A       1%          2
 Poisonous Vapours        Pois/Air       74%        N/A       1%          2
 Searing Ray              Conj           98%        3d7       1%          2
 Wereblood                Tmut           37%        N/A       1%          2
 Gell's Gravitas          Tloc           32%        N/A       1%          3
 Inner Flame              Hex/Fire       63%        N/A       1%          3
 Lesser Beckoning         Tloc           32%        N/A       1%          3
 Ozocubu's Armour         Ice            49%        N/A       1%          3
 Stone Arrow              Conj/Erth      86%        3d12      1%          3
 Summon Guardian Golem    Hex/Summ       63%        N/A       1%          3
 Fulminant Prism          Conj/Hex       36%        3d18      1%          4
 Silence                  Hex/Air        34%        N/A       1%          5
 Yara's Violent Unravell  Hex/Tmut       34%        3d14      1%          5
 Manifold Assault         Tloc           64%        N/A       2%          5
 Corpse Rot               Necr/Air       N/A        N/A       3%          2
 Spider Form              Tmut/Pois      18%        N/A       3%          3
 Summon Mana Viper        Hex/Summ       63%        N/A       3%          5
 Conjure Flame            Conj/Fire      31%        6-21      4%          3
 Pain                     Necr           56%        1d6       5%          1
 Summon Small Mammal      Summ           56%        N/A       5%          1
 Ignite Poison            Fire/Tmut/Pois 29%        N/A       5%          3
 Call Imp                 Summ           14%        N/A       8%          2
 Airstrike                Air            18%        N/A       10%         4
 Olgreb's Toxic Radiance  Pois           37%        N/A       10%         4
 Dispersal                Tloc           32%        N/A       13%         6
 Discord                  Hex            45%        N/A       14%         8
 Call Canine Familiar     Summ           14%        N/A       16%         3
 Vampiric Draining        Necr           7%         2d7       16%         3
 Sticky Flame             Conj/Fire      31%        2d5       16%         4
 Summon Ice Beast         Ice/Summ       31%        N/A       16%         4
 Freezing Cloud           Conj/Ice/Air   22%        6-21      17%         5
 Lightning Bolt           Conj/Air       21%        1d36      19%         5
 Animate Armour           Summ/Erth      52%        N/A       22%         4
 Summon Lightning Spire   Summ/Air       26%        N/A       22%         4
 Alistair's Intoxication  Tmut/Pois      24%        N/A       28%         5
 Bolt of Magma            Conj/Fire/Erth 16%        4d9       36%         5
 Fireball                 Conj/Fire      15%        3d8       38%         5
 Animate Dead             Necr           7%         N/A       45%         4
 Dispel Undead            Necr           14%        3d10      45%         4
 Borgnjor's Vile Clutch   Necr/Erth      13%        N/A       54%         5
 Conjure Ball Lightning   Conj/Air       21%        3x3d6     71%         6
 Simulacrum               Ice/Necr       15%        N/A       93%         6
 Starburst                Conj/Fire      15%        8x6d6     93%         6
 Ozocubu's Refrigeration  Ice            24%        4d9       98%         7
 Malign Gateway           Summ/Tloc      21%        N/A       99%         7
 Disjunction              Tloc           32%        N/A       99%         8
 Death Channel            Necr           7%         N/A       100%        6
 Monstrous Menagerie      Summ           7%         N/A       100%        7
 Storm Form               Tmut/Air       18%        N/A       100%        7
 Ignition                 Fire           7%         3d4       100%        8
 Lehudib's Crystal Spear  Conj/Erth      21%        10d6      100%        8
 Chain Lightning          Conj/Air       21%        3d28      100%        9
 Fire Storm               Conj/Fire      15%        8d4       100%        9
 Polar Vortex             Ice            24%        N/A       100%        9


Dungeon Overview and Level Annotations

Branches:
Dungeon (15/15)            Temple (1/1) D:4            Lair (6/6) D:8
  Swamp (4/4) Lair:2        Snake (4/4) Lair:2        Slime (0/5) Lair:6
    Orc (2/2) D:10            Elf (3/3) Orc:2        Vaults (5/5) D:13
  Crypt (0/3) Vaults:2     Depths (3/5) D:15          Sewer (visited)
  IceCv (visited)

Altars:
Ashenzari
Cheibriados
Dithmenos
Elyvilon
Fedhas
Gozag
Hepliaklqana
Kikubaaqudgha
Makhleb
Nemelex Xobeh
Okawaru
Qazlal
Ru
Sif Muna
Trog
Uskayaw
Vehumet
Wu Jian
Xom
Yredelemnul
Zin
The Shining One
Jiyva

Shops:
D:1 ?:[(   D:7 *   D:13 (   Orc:2 [=*:?   Elf:1 (   Elf:2 =   Snake:2 ?:
Snake:3 [   Vaults:4 (   Depths:1 =[**[

Portals:
Hell: Depths:1 Depths:2
Abyss: Depths:2
Pandemonium: Depths:1
Ziggurat: Depths:1
Trove: D:11 (show abyssal rune of Zot)

Annotations:
D:12 2 transporters
Elf:3 Roxanne
Vaults:5 Mennas


Innate Abilities, Weirdness & Mutations

You are small and have problems with some larger weapons.
You are completely attuned to the shadows.
You are dopey. (Int -2)
Your flesh is heat resistant. (rF+)
You are strong-willed. (Will+)
You passively map a small area around you.


Message History

Mennas completely misses you. You block Mennas's attack.
The ancient lich completely misses you.
Okay, then.
You spin and attack the ancient lich repeatedly.
You hit the ancient lich but do no damage.
The ancient lich is almost destroyed.
You hit the ancient lich but do no damage.
The ancient lich is almost destroyed.
You hit the ancient lich but do no damage.
The ancient lich is almost destroyed.
You spin and attack Mennas repeatedly.
You puncture Mennas!
Mennas is almost dead.
You hit Mennas but do no damage.
Mennas is almost dead.
Mennas blocks your attack.
Mennas is almost dead.
You hit Mennas but do no damage.
Mennas is almost dead.
The titan waves its arms in wide circles.
The air twists around and strikes you!!
* * * LOW HITPOINT WARNING * * *
Mennas gestures frantically.
Mennas is healed somewhat.
The ancient lich completely misses you.
You spin and attack the ancient lich repeatedly.
You hit the ancient lich but do no damage.
The ancient lich is almost destroyed.
You hit the ancient lich but do no damage.
The ancient lich is almost destroyed.
You puncture the ancient lich!
You destroy the ancient lich!
The Council accepts your kill.
You spin and attack Mennas repeatedly.
Mennas blocks your attack.
Mennas is almost dead.
Mennas blocks your attack.
Mennas is almost dead.
You hit Mennas but do no damage.
Mennas is almost dead.
Mennas completely misses you.
Mennas hits you with a +1 eudemon blade of holy wrath!
You die...

################################
#)..............................
#...............................
#....#######################)...
#..... , ,..........##.......
#..#. , ..§☼§...........#.. #..#
* ,,#####§#####...##..#.. #..# ,
#§§§@§§§..##...#..#.. #..#,
.☼§p§A§§...##..#..#.. #..# , ,*
.☼###C###...#....##.. #..# ,, *
.##§§CL§##..##.^.##.. #..#
#☼§☼§c§§#...##..##.. #..# ,,
,##☼§§☼☼☼§##..)#...#.. #..#
##☼§§§☼☼§..##..##. #.. #..# ,
,.§☼☼☼☼☼☼§§........,#.. #..#
,##☼§§☼§§§§.##..##.,#..


You could see Mennas, a titan and a vault guard.

Vanquished Creatures
  A dread lich (Vaults:3)
  An ancient lich (Vaults:5)
  Nikola (Depths:1)
  A tentacled monstrosity (Vaults:4)
  A lich (Depths:1)
  4 quicksilver dragons (Vaults:5)
  A deep elf blademaster (Elf:2)
  Gastronok (D:12)
  A deep elf master archer (Elf:3)
  5 sphinxes
  Donald (Swamp:4)
  A shadow dragon (Vaults:5)
  5 tengu reavers
  6 nagarajas (Snake:4)
  2 deep elf sorcerers (Elf:3)
  Louise (Depths:2)
  3 fire giants
  19 vault wardens
  4 frost giants
  The ghost of RandomHacker the Grappler, a journeyman TrHu of Makhleb (Snake:2)
  An orc warlord (Vaults:1)
  4 deep elf elementalists
  A very ugly thing (Vaults:5)
  2 war gargoyles (Vaults:4)
  8 ironbound preservers
  6 stone giants
  5 deep elf demonologists
  5 dire elephants
  6 deep elf annihilators
  4 entropy weavers
  7 bunyips
  8 eleionomae
  Snorg (Lair:6)
  8 deep elf death magi (Elf:3)
  3 ettins
  15 yaktaur captains
  4 fire dragons
  A merfolk impaler (Depths:2)
  3 deep elf high priests (Elf:3)
  A merfolk javelineer (Depths:1)
  An ice dragon (Depths:1)
  3 salamander tyrants (Snake:4)
  A peacekeeper (Vaults:4)
  A great orb of eyes (Depths:1)
  Fannar (Lair:1)
  2 rakshasas
  4 catoblepae
  18 hydras
  2 ghost crabs
  4 boulder beetles
  30 vault guards
  7 ironbound thunderhulks
  17 naga warriors
  3 ogre magi (Vaults:5)
  A spriggan air mage (Swamp:1)
  13 anacondas
  33 centaur warriors
  Erica (D:9)
  3 alligators
  13 ironbound frosthearts
  3 two-headed ogres
  2 death knights
  A deep troll shaman (Depths:1)
  20 death yaks
  30 dancing weapons
  4 tengu warriors
  11 naga sharpshooters
  5 orc high priests (Orc:2)
  4 vampire magi
  3 spriggan berserkers
  3 ironbound beastmasters
  Nergalle (Lair:1)
  A shock serpent (shapeshifter) (Elf:2)
  10 spriggans
  2 hell knights
  7 shock serpents
  2 iron trolls (Depths:1)
  5 salamander mystics
  A sixfirhy (D:14)
  19 deep elf knights
  4 skeletal warriors (D:12)
  2 sea snakes (Snake:2)
  4 goliath frogs
  35 deep trolls
  2 fire crabs (Swamp:4)
  2 glowing orange brains
  8 spriggan druids
  13 ironbound convokers
  8 swamp dragons
  5 naga ritualists
  10 deep elf archers
  2 phantasmal warriors
  10 orc knights
  11 wizards
  2 bog bodies
  24 deep elf zephyrmancers
  6 necromancers
  Pikel (D:7)
  3 harpies (Vaults:2)
  2 wolf spiders (D:15)
  An orb spider (shapeshifter) (Depths:2)
  25 deep elf pyromancers
  A mana viper (shapeshifter) (D:15)
  14 mana vipers
  4 manticores
  3 will-o-the-wisps
  3 orc sorcerers
  A cyclops (shapeshifter) (Vaults:3)
  29 ugly things
  A cyclops (D:14)
  7 elephants
  A moth of wrath (Snake:2)
  19 vault sentinels
  A centaur zombie (D:10)
  15 salamanders
  36 black mambas
  Joseph (D:7)
  10 guardian serpents
  A molten gargoyle (Swamp:4)
  20 naga magi
  A cane toad (shapeshifter) (Depths:2)
  An eye of devastation (shapeshifter) (Vaults:5)
  4 cane toads
  2 unseen horrors
  Maggie (D:6)
  An unseen horror (shapeshifter) (Depths:2)
  3 tengu conjurers
  9 komodo dragons
  54 yaktaurs
  2 spriggan zombies (Depths:2)
  11 rime drakes
  A spark wasp simulacrum (Depths:2)
  4 freezing wraiths
  A rime drake (shapeshifter) (Depths:2)
  A troll (shapeshifter) (Depths:2)
  A bloated husk (Swamp:2)
  2 jumping spiders (Vaults:3)
  4 trolls
  5 polar bears
  14 tyrant leeches
  9 hornets
  A meliai zombie (D:10)
  4 raiju (D:14)
  A slime creature (shapeshifter) (Vaults:5)
  39 slime creatures
  4 dream sheep (Lair:5)
  2 air elementals
  A centaur simulacrum (D:15)
  19 blink frogs
  A flying skull (Vaults:2)
  12 water elementals
  77 yaks
  5 basilisks
  4 shadows
  10 redbacks
  A tarantella (shapeshifter) (Depths:2)
  A tarantella (Vaults:3)
  6 wraiths
  5 wyverns
  3 fire elementals
  6 vampire mosquitoes
  6 steam dragons
  The ghost of Protee the Ducker, an amateur MfGl (D:4)
  6 wargs
  21 swamp worms
  Menkaure (D:6)
  52 nagas
  A warg (shapeshifter) (Vaults:5)
  4 acid dragons
  A water moccasin (shapeshifter) (Elf:2)
  Duvessa (D:7)
  8 water moccasins
  5 swamp drakes
  Purgy (Sewer)
  3 black bears
  30 orc warriors
  A sky beast (D:8)
  2 necrophages
  3 ice beasts
  10 ogres
  A lemure (D:7)
  11 wolves
  A tengu (shapeshifter) (Elf:3)
  10 centaurs
  2 phantoms
  A wyvern zombie (D:7)
  9 bullfrogs
  A gnoll sergeant (D:12)
  2 scorpions (D:4)
  Dowan (D:7)
  A water moccasin skeleton (D:7)
  9 killer bees (D:8)
  3 wights (D:7)
  3 howler monkeys (D:12)
  An electric eel (Lair:6)
  A lava snake (Swamp:4)
  A bullfrog zombie (D:5)
  A hound (D:5)
  2 jellies (Lair:6)
  A gnoll shaman (D:6)
  29 orc priests
  2 bullfrog skeletons (D:5)
  Jessica (D:3)
  2 iguanas (D:5)
  Terence (D:2)
  Natasha (thrice) (D:3)
  17 orc wizards
  11 hell rats
  A hound zombie (D:4)
  Robin (D:2)
  14 adders
  9 gnolls
  3 shadow imps
  2 white imps
  An adder zombie (D:4)
  A worm (D:2)
  13 dart slugs
  70 orcs
  10 endoplasms
  9 giant cockroaches
  17 goblins
  11 hobgoblins
  10 jackals
  6 kobolds
  9 quokkas
  5 ball pythons
  7 bats
  4 frilled lizards
  4 rats
1617 creatures vanquished.

Vanquished Creatures (collateral kills)
  A hydra (Swamp:4)
  A spriggan druid (Swamp:4)
  A steam dragon (Swamp:4)
  A swamp worm (Swamp:4)
4 creatures vanquished.

Vanquished Creatures (others)
  A deep elf death mage (Elf:3)
  An ogre mage (Vaults:2)
  2 swamp dragons (Swamp:4)
  A lindwurm (Swamp:4)
  A yaktaur (Vaults:1)
  3 steam dragons (Swamp:4)
  A swamp drake (Swamp:4)
  An ogre (Vaults:2)
  An orc (Orc:2)
  2 briar patches (Swamp:4)
  4 foxfires
  37 fungi
  58 plants
113 creatures vanquished.

Grand Total: 1734 creatures vanquished

Notes
Turn   | Place    | Note
-------+----------+-------------------------------------------
     0 | D:1      | wakim the Kobold Enchanter began the quest for the Orb.
     0 | D:1      | Reached XP level 1. HP: 10/10 MP: 3/3
    94 | D:1      | Found Jarulieps's Magic Scroll Shop.
   104 | D:1      | Found a faded altar of an unknown god.
   230 | D:1      | Found Qoim's Book Emporium.
   254 | D:1      | Reached XP level 2. HP: 15/15 MP: 5/5
   509 | D:1      | Learned a level 2 spell: Ensorcelled Hibernation
   524 | D:1      | Found Lemped's Armour Boutique.
   639 | D:1      | Found Lettosm's Antique Weapon Shoppe.
   901 | D:1      | Reached XP level 3. HP: 19/19 MP: 6/6
  1063 | D:2      | Found a burning altar of Makhleb.
  1253 | D:2      | Reached XP level 4. HP: 24/24 MP: 7/7
  1316 | D:2      | Reached skill level 5 in Stealth
  1419 | D:2      | Noticed Robin
  2042 | D:2      | Reached XP level 5. HP: 28/28 MP: 8/8
  2147 | D:2      | Noticed Terence
  2185 | D:2      | Killed Terence
  2469 | D:2      | Killed Robin
  3206 | D:3      | Found a burning altar of Makhleb.
  3239 | D:3      | Reached XP level 6. HP: 31/32 MP: 9/9
  3250 | D:3      | Noticed Natasha
  3259 | D:3      | Killed Natasha
  3260 | D:3      | Reached skill level 5 in Short Blades
  3260 | D:3      | Reached skill level 5 in Dodging
  3281 | D:3      | Noticed Natasha
  3284 | D:3      | Killed Natasha
  3294 | D:3      | Noticed Natasha
  3302 | D:3      | Killed Natasha
  3343 | D:3      | Found a glowing drain.
  3370 | Sewer    | Entered a sewer
  3513 | Sewer    | Noticed Purgy
  3515 | Sewer    | Killed Purgy
  3516 | Sewer    | Reached skill level 1 in Conjurations
  3516 | Sewer    | Reached skill level 1 in Ice Magic
  3516 | Sewer    | Reached XP level 7. HP: 36/36 MP: 9/11
  3893 | D:3      | Noticed Jessica
  3897 | D:3      | Killed Jessica
  4068 | D:3      | Learned a level 3 spell: Confusing Touch
  4072 | D:3      | Learned a level 3 spell: Tukima's Dance
  4225 | D:3      | Found a bloodstained altar of Trog.
  4350 | D:4      | Found a staircase to the Ecumenical Temple.
  4389 | D:4      | Learned a level 3 spell: Dazzling Flash
  4390 | Temple   | Entered the Ecumenical Temple
  4911 | D:4      | Reached skill level 5 in Hexes
  4911 | D:4      | Reached XP level 8. HP: 41/41 MP: 9/12
  5872 | D:4      | Found a runed translucent gate.
  5873 | D:4      | Found a runed translucent gate.
  5873 | D:4      | Noticed Protee's ghost (amateur MfGl)
  5874 | D:4      | Found a runed translucent gate.
  5875 | D:4      | Found a basalt altar of Yredelemnul.
  5970 | D:4      | Killed Protee's ghost
  5971 | D:4      | Reached skill level 1 in Fighting
  6112 | D:1      | Bought a +2 pair of gloves for 198 gold pieces
  6197 | D:5      | Entered Level 5 of the Dungeon
  6357 | D:5      | Reached skill level 1 in Shields
  6883 | D:5      | Reached XP level 9. HP: 47/47 MP: 10/13
  7287 | D:1      | Bought 2 scrolls of identify for 48 gold pieces
  7287 | D:1      | Bought a scroll of identify for 24 gold pieces
  7391 | D:6      | Noticed Maggie
  7433 | D:6      | Killed Maggie
  7611 | D:6      | Found a white marble altar of Elyvilon.
  8027 | D:6      | Noticed Menkaure
  8035 | D:6      | Killed Menkaure
  8036 | D:6      | Reached skill level 5 in Shields
  8202 | D:6      | Identified the +0 chain mail of Sif Muna's Supremacy {Fly}
  8377 | D:7      | Noticed Pikel
  8455 | D:7      | Noticed Joseph
  8489 | D:7      | Killed Joseph
  8490 | D:7      | Reached skill level 6 in Stealth
  8490 | D:7      | Reached XP level 10. HP: 34/53 MP: 1/14
  8712 | D:7      | Killed Pikel
  8713 | D:7      | Reached skill level 7 in Stealth
  8970 | D:7      | Noticed Dowan
  8980 | D:7      | Noticed Duvessa
  9018 | D:7      | Killed Duvessa
  9039 | D:7      | Killed Dowan
  9551 | D:7      | Found Plog's Assorted Antiques.
  9554 | D:7      | Bought a scroll labelled COSIUPR FOLEA for 27 gold pieces
  9943 | D:8      | Noticed a death yak
  9943 | D:8      | Noticed a death yak
  9974 | D:8      | Noticed a death yak
 10099 | D:7      | Killed a death yak
 10100 | D:7      | Reached skill level 8 in Stealth
 10226 | D:7      | Killed a death yak
 10227 | D:7      | Reached skill level 5 in Fighting
 10227 | D:7      | Reached skill level 10 in Short Blades
 10227 | D:7      | Reached XP level 11. HP: 49/64 MP: 7/15
 10308 | D:7      | Killed a death yak
 10309 | D:7      | Reached skill level 9 in Stealth
 10831 | D:8      | Found a staircase to the Lair.
 11006 | D:8      | Reached skill level 10 in Stealth
 11008 | D:8      | Reached skill level 10 in Dodging
 11756 | D:9      | Noticed a two-headed ogre
 11760 | D:9      | Killed a two-headed ogre
 11918 | D:9      | Noticed Erica
 11932 | D:9      | Killed Erica
 12236 | D:9      | Reached XP level 12. HP: 70/70 MP: 8/18
 12555 | D:10     | Entered Level 10 of the Dungeon
 12821 | D:10     | Identified a scroll of acquirement
 12821 | D:10     | Acquired wakim's Handbook of Execration
 12826 | D:10     | Learned a level 2 spell: Slow
 12875 | D:10     | Noticed a death knight
 12914 | D:10     | Killed a death knight
 12915 | D:10     | Reached skill level 5 in Spellcasting
 13136 | D:10     | Found a shimmering blue altar of Sif Muna.
 13294 | D:10     | Found a staircase to the Orcish Mines.
 13421 | D:10     | Found an ornate altar of the Wu Jian Council.
 13425 | D:10     | Became a worshipper of the Wu Jian Council
 13585 | D:10     | Reached skill level 10 in Hexes
 13720 | D:11     | Found a portal to a secret trove of treasure.
 14319 | Lair:1   | Entered Level 1 of the Lair of Beasts
 14398 | Lair:1   | Noticed Nergalle
 14401 | Lair:1   | Killed Nergalle
 14521 | Lair:1   | Noticed Fannar
 14522 | Lair:1   | Noticed a four-headed hydra
 14524 | Lair:1   | Killed Fannar
 14526 | Lair:1   | Killed a four-headed hydra
 14527 | Lair:1   | Reached skill level 11 in Stealth
 14735 | Lair:2   | Reached XP level 13. HP: 69/76 MP: 15/20
 14865 | Lair:2   | Noticed a five-headed hydra
 14883 | Lair:2   | Killed a five-headed hydra
 15135 | Lair:2   | Found a hide-covered altar of Uskayaw.
 15231 | Lair:2   | Reached * piety under Wu Jian
 15342 | Lair:2   | Found a staircase to the Swamp.
 15395 | Lair:2   | Found a staircase to the Snake Pit.
 15431 | Lair:2   | Noticed a boulder beetle
 15436 | Lair:2   | Killed a boulder beetle
 15437 | Lair:2   | Reached skill level 12 in Stealth
 16299 | Lair:3   | Identified the ring of Voketargh {rElec Int+6}
 16552 | Lair:3   | Noticed a six-headed hydra
 16558 | Lair:3   | Killed a six-headed hydra
 17084 | Lair:4   | Reached skill level 13 in Stealth
 17140 | Lair:4   | Reached ** piety under Wu Jian
 17163 | Lair:4   | Acquired a +1 hat of willpower
 17259 | Lair:4   | Noticed a five-headed hydra
 17261 | Lair:4   | Killed a five-headed hydra
 17657 | D:1      | Bought a scroll of acquirement for 624 gold pieces
 17657 | D:1      | Acquired 922 gold pieces
 18043 | Lair:4   | Learned a level 6 spell: Invisibility
 18561 | Lair:5   | Reached skill level 14 in Stealth
 18575 | Lair:5   | Reached XP level 14. HP: 84/84 MP: 7/21
 19090 | Lair:5   | Reached *** piety under Wu Jian
 19584 | Lair:6   | Entered Level 6 of the Lair of Beasts
 19584 | Lair:6   | Noticed Snorg
 19585 | Lair:6   | Killed Snorg
 19746 | Lair:6   | Reached skill level 10 in Fighting
 19867 | Lair:6   | Found a runed translucent door.
 19867 | Lair:6   | Found a viscous altar of Jiyva.
 19894 | Lair:6   | Learned a level 4 spell: Cause Fear
 20104 | Lair:6   | Reached **** piety under Wu Jian
 21275 | Lair:6   | Reached XP level 15. HP: 92/92 MP: 24/24
 21437 | Lair:6   | Found a staircase to the Slime Pits.
 22882 | Orc:1    | Entered Level 1 of the Orcish Mines
 23042 | Orc:1    | Reached ***** piety under Wu Jian
 23051 | Orc:1    | Found a frozen archway.
 23068 | IceCv    | Entered an ice cave
 23471 | IceCv    | Noticed a frost giant
 23473 | IceCv    | Killed a frost giant
 23474 | IceCv    | Reached skill level 5 in Conjurations
 23474 | IceCv    | Reached skill level 5 in Ice Magic
 23596 | IceCv    | Gained mutation: You are dopey. (Int -2) [mutagenic glow]
 24246 | Orc:2    | Entered Level 2 of the Orcish Mines
 24661 | Orc:2    | Found a staircase to the Elven Halls.
 24827 | Orc:2    | Found Yrakagryoth's Armour Shoppe.
 24832 | Orc:2    | Bought the +2 pair of boots of Divine Compulsion {Will+}
                  | for 379 gold pieces
 24832 | Orc:2    | Bought a +1 helmet of intelligence for 231 gold pieces
 24832 | Orc:2    | Bought the +1 troll leather armour of the Harvest Moon
                  | {Harm rF+ Will+ Regen+ Int+6} for 730 gold pieces
 25017 | Orc:2    | Reached ****** piety under Wu Jian
 26012 | Orc:2    | Found Ittaki File's Magic Scroll Shop.
 26012 | Orc:2    | Found Oceudog's Book Boutique.
 26013 | Orc:2    | Found Boanunkidd's General Store.
 26013 | Orc:2    | Found Nuuvual's Jewellery Shop.
 26024 | Orc:2    | Bought the ring "Memuuram" {Dex+4 SInv Stlth+} for 398 gold
                  | pieces
 26121 | Elf:1    | Entered Level 1 of the Elven Halls
 26190 | Elf:1    | Identified the +3 plate armour of the Crypt {Dex+4 SInv}
 26204 | Elf:1    | Reached XP level 16. HP: 97/97 MP: 25/25
 26220 | Elf:1    | Got the Grimoire of Slavery
 26232 | Elf:1    | Reached skill level 15 in Hexes
 26258 | Elf:1    | Gained mutation: You tend to lose your temper in combat.
                  | [mutagenic glow]
 26487 | Elf:1    | Found Tazxeilo's Weapon Shop.
 27002 | Elf:1    | Reached skill level 1 in Evocations
 27839 | D:10     | Lost mutation: You tend to lose your temper in combat.
                  | [potion of mutation]
 27839 | D:10     | Gained mutation: You passively map a small area around you.
                  | [potion of mutation]
 27839 | D:10     | Gained mutation: Your flesh is heat resistant. (rF+)
                  | [potion of mutation]
 27839 | D:10     | Gained mutation: You are strong-willed. (Will+) [potion of
                  | mutation]
 28209 | Elf:2    | Found Waaguy's Jewellery Shop.
 28400 | Elf:2    | Found the +8 whip "Snakebite" {venom, curare, rPois}
 28401 | Elf:2    | Identified the +4 mace of Desertification {elec, rPois
                  | rF+++ Str+2 Dex-4}
 28405 | Elf:2    | Found a runed translucent gate.
 28415 | Elf:2    | Found a runed translucent gate.
 28416 | Elf:2    | Found a runed translucent gate.
 28564 | Elf:2    | Reached XP level 17. HP: 96/103 MP: 21/26
 28620 | Elf:2    | Paralysed by an air elemental for 1 turns
 28711 | Elf:2    | Reached skill level 15 in Stealth
 29289 | Elf:2    | Noticed a deep elf blademaster
 29294 | Elf:2    | Killed a deep elf blademaster
 29518 | Elf:3    | Entered Level 3 of the Elven Halls
 29673 | Elf:3    | Identified Roxanne's Catalogue of Transformation
 29673 | Elf:3    | Noticed Roxanne
 30021 | D:12     | Reached skill level 5 in Evocations
 30031 | D:12     | Reached skill level 16 in Stealth
 30184 | D:12     | Found a transporter.
 30478 | D:12     | Found a transporter.
 30558 | D:12     | Noticed Gastronok
 30559 | D:12     | Killed Gastronok
 31047 | D:13     | Found Eviqosm's Weapon Boutique.
 31139 | D:13     | Found a gate to the Vaults.
 31221 | D:13     | Found a hazy altar of Hepliaklqana.
 31448 | D:13     | Acquired 622 gold pieces
 31586 | D:13     | Identified the +0 scale mail "Soatuf" {Str+3}
 31881 | D:14     | Found the +8 arc blade {discharge, rElec}
 31886 | D:14     | Reached XP level 18. HP: 104/110 MP: 27/27
 32677 | D:15     | Entered Level 15 of the Dungeon
 32858 | D:15     | Found a staircase to the Depths.
 33279 | D:15     | Acquired 972 gold pieces
 33721 | Snake:1  | Entered Level 1 of the Snake Pit
 33895 | Snake:1  | Reached skill level 17 in Stealth
 35522 | Snake:2  | Reached XP level 19. HP: 110/116 MP: 31/31
 35734 | Snake:2  | Found Wungusij's Book Shop.
 35742 | Snake:2  | Found Zimoczeng's Magic Scroll Boutique.
 35756 | Snake:2  | Learned a level 3 spell: Teleport Other
 35792 | Snake:2  | Found a transporter.
 35844 | Snake:2  | Found a transporter.
 35847 | Snake:2  | Noticed RandomHacker's ghost (journeyman TrHu)
 36192 | Snake:2  | Killed RandomHacker's ghost
 36205 | Snake:2  | Identified the ring of Reimbursement {rC+ MP+9 Str+2}
 36208 | Snake:2  | Identified the +2 hat "Winy" {rF+ Will+ Dex+6}
 36227 | Snake:2  | Reached skill level 1 in Translocations
 36460 | Snake:3  | Found a shimmering altar of Xom.
 36576 | Snake:3  | Reached skill level 18 in Stealth
 36686 | Snake:3  | Learned a level 2 spell: Passwall
 36690 | Snake:3  | Learned a level 3 spell: Swiftness
 36713 | Snake:3  | Found Caer's Armour Shop.
 36928 | Snake:4  | Entered Level 4 of the Snake Pit
 37003 | Snake:4  | Reached skill level 1 in Earth Magic
 37004 | Snake:4  | Reached skill level 1 in Air Magic
 37005 | Snake:4  | Reached skill level 1 in Transmutations
 38246 | Snake:4  | Reached XP level 20. HP: 121/122 MP: 8/32
 39233 | Orc:2    | Bought a ring of protection from fire for 300 gold pieces
 39843 | Snake:4  | Got a serpentine rune of Zot
 40068 | Swamp:1  | Entered Level 1 of the Swamp
 40132 | Swamp:1  | Learned a level 3 spell: Mephitic Cloud
 40392 | Swamp:1  | Reached skill level 1 in Poison Magic
 40508 | Swamp:1  | Reached skill level 1 in Armour
 41150 | Swamp:2  | Identified the +3 chain mail "Mionoth" {Str+4}
 41315 | Swamp:2  | Reached skill level 5 in Translocations
 42719 | Swamp:4  | Entered Level 4 of the Swamp
 43017 | Swamp:4  | Noticed Donald
 43028 | Swamp:4  | Killed Donald
 43260 | Swamp:4  | Reached XP level 21. HP: 124/127 MP: 23/33
 43341 | Swamp:4  | Got Tinnaupu's Reference Book on Snow and Unholy Secrets
 44148 | Swamp:4  | Got a decaying rune of Zot
 44428 | Depths:1 | Entered Level 1 of the Depths
 44434 | Depths:1 | Found Furrocamp's Antique Armour Emporium.
 44774 | Depths:1 | Found Picaciuph's Jewellery Shoppe.
 44928 | Depths:1 | Reached skill level 5 in Armour
 44934 | Depths:1 | Found Pobrisk's Armour Shoppe.
 44948 | Depths:1 | Identified the +2 pair of gloves "Piesu" {Int-4 Slay+6}
 44948 | Depths:1 | Noticed Nikola
 44949 | Depths:1 | Killed Nikola
 44949 | Depths:1 | Reached skill level 10 in Shields
 45011 | Depths:1 | Found a gateway to a ziggurat.
 45165 | Depths:1 | Found Buazatai's General Store.
 45165 | Depths:1 | Found Dilustac's Specific Store.
 45474 | D:1      | Bought a scroll of enchant weapon for 90 gold pieces
 45474 | D:1      | Bought a scroll of teleportation for 36 gold pieces
 45474 | D:1      | Bought a scroll of blinking for 90 gold pieces
 46013 | Depths:1 | Found a gateway to Hell.
 46209 | Depths:1 | Found a one-way gate leading to the halls of Pandemonium.
 46752 | Depths:1 | Found a sparkling altar of Nemelex Xobeh.
 47081 | Depths:2 | Identified the +9 spear of the Bruised Wonders {vorpal,
                  | rF++ Will- Int+3 Stlth+}
 47291 | Depths:2 | Identified the +6 scimitar "Lilimnu" {vorpal, rF+}
 47847 | Depths:2 | Found a one-way gate to the infinite horrors of the Abyss.
 47847 | Depths:2 | Noticed Louise
 47855 | Depths:2 | Killed Louise
 49563 | Elf:3    | Identified the ring of the Median {Will+ Dex+2}
 49611 | Elf:3    | Identified the ring "Gur Pedaes" {rF+ Int+6 SInv}
 49878 | Elf:3    | Identified the ring of Lesser Demons {rElec rPois Str-5
                  | Dex+3 SInv}
 50023 | Elf:3    | Identified the +8 bardiche of Moral Flaws {flame, *Noise
                  | rCorr Str+5 Dex-3}
 50107 | Elf:3    | Reached XP level 22. HP: 91/133 MP: 23/34
 50737 | Elf:3    | Identified the amulet "Jaakaid" {Faith Int+3}
 50800 | Elf:3    | Acquired 585 gold pieces
 50931 | Elf:3    | Identified the +6 flail "Rukuwis" {flame, rPois rCorr Str-2
                  | Int+4}
 50993 | Elf:3    | Acquired a +5 quick blade
 51124 | Orc:2    | Bought a scroll of brand weapon for 300 gold pieces
 51849 | Elf:3    | Got the Incunabulum of Captivating Contamination
 52185 | Vaults:1 | Entered Level 1 of the Vaults
 52233 | Vaults:1 | Reached skill level 15 in Dodging
 54705 | Vaults:2 | Reached XP level 23. HP: 140/140 MP: 35/35
 54961 | Vaults:2 | Found a staircase to the Crypt.
 54970 | Vaults:2 | Reached skill level 15 in Short Blades
 55034 | Vaults:2 | Reached skill level 10 in Translocations
 56079 | Vaults:3 | Found a flickering gateway to a bazaar.
 56084 | Bazaar   | Entered a bazaar
 56102 | Bazaar   | Found Madaeruv's Antique Weapon Boutique.
 56109 | Bazaar   | Found Ymuyfudd's Antique Weapon Emporium.
 56135 | Bazaar   | Found Fiohaeff's Antique Armour Shop.
 56139 | Bazaar   | Bought a pair of shimmering gloves for 228 gold pieces
 56139 | Bazaar   | Identified the -6 pair of gloves of Leapfrog {Harm rCorr
                  | Dex+4} (You bought it in a shop in a bazaar)
 56143 | Bazaar   | Found Teujuetu's Book Boutique.
 56149 | Bazaar   | Found Peqad's Magic Scroll Boutique.
 56153 | Bazaar   | Bought a scroll of acquirement for 676 gold pieces
 56153 | Bazaar   | Bought a scroll of acquirement for 676 gold pieces
 56153 | Bazaar   | Bought a scroll of enchant armour for 97 gold pieces
 56153 | Bazaar   | Bought a scroll of enchant weapon for 97 gold pieces
 56153 | Bazaar   | Bought a scroll of enchant armour for 97 gold pieces
 56153 | Bazaar   | Bought a scroll of magic mapping for 45 gold pieces
 56153 | Bazaar   | Bought a scroll of silence for 97 gold pieces
 56190 | Vaults:2 | Acquired the ring "Retoguipt" {Wiz rN+++ rCorr Dex-2
                  | Stlth+}
 56192 | Vaults:2 | Acquired 1296 gold pieces
 56212 | Vaults:3 | Reached skill level 19 in Stealth
 57848 | Vaults:3 | Reached skill level 10 in Spellcasting
 57898 | Vaults:3 | Identified the +1 leather armour of Subjectivity {Dex+7}
 58691 | Vaults:3 | Noticed a dread lich
 58692 | Vaults:3 | Killed a dread lich
 58695 | Vaults:3 | Reached XP level 24. HP: 149/149 MP: 37/37
 59770 | Vaults:4 | Reached skill level 15 in Fighting
 60962 | Vaults:4 | Found Dicimu's Weapon Shop.
 61096 | Vaults:5 | Entered Level 5 of the Vaults
 61149 | Vaults:4 | Reached skill level 10 in Armour
 61667 | Vaults:5 | Identified the +7 trident "Tadiow" {antimagic, rPois}
 62168 | Vaults:5 | Identified the +4 trident "Ziestypp" {vorpal, rElec rPois
                  | rC- Str+7}
 62168 | Vaults:5 | Identified the +1 shortbow of Savveky {venom, SInv}
 62372 | Vaults:5 | Reached skill level 20 in Stealth
 62417 | Vaults:5 | Reached XP level 25. HP: 157/157 MP: 37/37
 62497 | Vaults:5 | Noticed Mennas
 62503 | Vaults:5 | Identified the +8 rapier of the Spider Nest {vorpal, rC+
                  | Str+3 Int+3}
 62516 | Vaults:5 | Noticed an ancient lich
 62523 | Vaults:5 | HP: 2/157 [titan/the air (27)]
 62528 | Vaults:5 | HP: 3/157 [titan/the air (33)]
 62529 | Vaults:5 | Killed an ancient lich
 62529 | Vaults:5 | Mangled by Mennas

Illustrated notes

Levels and vault maps discovered:
D:1:      dpeg_arrival_lava_temple_mockup, layout_rooms, serial_shops, shop,
          shop_statue, shop_fountains, shop, basic_ecumenical_altar,
          grunt_decor_mini_mirrors
D:2:      layout_loops_ring, basic_altar, hangedman_decor_diamond_cutter,
          grunt_ministairs_11, st_stairs_2, minmay_tripent, uniq_robin,
          uniq_terence
D:3:      layout_rooms, bloody_makhleb, lightli_temple_of_fire,
          portal_sewer_entry_f, saegor_snake_ambush, uniq_jessica, uniq_natasha
D:4:      kennysheep_slugbush, layout_loops_corners,
          nicolae_yredelemnul_ghost_church, minmay_temple_entry_large_hall,
          minmay_circle_x
D:5:      layout_cave_pods
D:6:      layout_rooms, mainiacjoe_overflow_alcove_1, uniq_menkaure, uniq_maggie
D:7:      layout_rooms, serial_shops, nicolae_shop_behind_doors,
          minmay_misc_feat_plants, minmay_misc_feat_more_columns,
          chequers_serial_rivers_micro_c, grunt_ministairs_10, uniq_pikel,
          uniq_joseph, uniq_duvessa
D:8:      layout_layer_cave, dpeg_lair_monsters, minmay_misc_feat_tower
D:9:      layout_grid_maze, uniq_erica
D:10:     layout_loops_ring, marbit_many_paths, nicolae_sif_muna_condensation
D:11:     layout_stronghold, enter_trove_2
D:12:     gammafunk_wand_slinger, layout_cave_pods, uniq_gastronok
D:13:     layout_loops_ring, david_vaults_2, serial_shops, nicolae_square_shop,
          nzn_hepliaklqana_mist_gate
D:14:     minmay_shoctagon, layout_loops_cross
D:15:     hangedman_depths_entry_civil_slaughter, layout_rooms,
          serial_park_tiny_2, chequers_serial_rivers_marsh
Temple:   nicolae_temple_elliptical
Lair:1:   layout_cave_shapes, uniq_fannar, uniq_nergalle
Lair:2:   layout_loops_ring, skrybe_swamp_entry_bodies,
          minmay_snake_entry_guardpost_small, basic_altar,
          chequers_serial_rivers_small_b, grunt_megastairs_2
Lair:3:   layout_gridlike
Lair:4:   layout_hall_layers
Lair:5:   layout_long_grid, grunt_megastairs_1
Lair:6:   evilmike_catoblepas_cave, layout_long_grid, slime_altar_2,
          wad_woods_river_03, uniq_snorg
Swamp:1:  layout_basic_swamp, nicolae_swamp_triple_paths
Swamp:2:  layout_falls_marsh, evilmike_swamp_ruin_rubble_1, swamp_pool4
Swamp:3:  layout_basic_swamp, serial_swamp_ruin, evilmike_swamp_ruin_house_6,
          evilmike_swamp_ruin_rubble_2, evilmike_swamp_ruin_house_4
Swamp:4:  swamp_fiery, layout_basic_swamp, swamp_pool1, uniq_donald
Snake:1:  layout_chambers, grunt_megastairs_4
Snake:2:  layout_misc_corridors, gammafunk_ghost_berserking_beasts,
          minmay_shoptagon, serial_bayou_shore_a
Snake:3:  layout_misc_corridors, serial_shops, nicolae_lakefront_shop,
          basic_altar, abandoned_shop, drop_trap
Snake:4:  johnstein_snake_rune_scales, layout_misc_corridors
Orc:1:    layout_diamond_mine, portal_ice_cave_entry_pillars_1
Orc:2:    st_orc_pillars, layout_caves, serial_shops,
          nicolae_shop_competitors_out_of_business
Elf:1:    eino_elf_arrival_the_gate, layout_loops_corners, serial_shops, shop,
          minmay_elf_demonology
Elf:2:    nicolae_elf_blades_splatter_lattice [mumra_blade_entry_bloodbath],
          layout_geoelf_octagon, serial_shops, nicolae_shop_trees, uniq_louise
Elf:3:    minmay_elf_hall_spiked, layout_loops_cross, uniq_roxanne
Vaults:1: v_rooms_4, nicolae_vaults_asterisk, nicolae_vaults_what_the_h,
          v_misc_3, ontoclasm_vaults_eye, ontoclasm_vaults_gateway,
          hangedman_vaults_stream, v_alt_pattern_6, layout_vaults_omnigrid
Vaults:2: minmay_crypt_entry_simple_round, vaults_room_octagon,
          nicolae_vaults_three_branches, v_pattern_1, hangedman_vaults_stitches,
          hangedman_vaults_snaps, v_misc_25, vaults_room_hallway, v_misc_18,
          nicolae_vaults_theta, nicolae_vaults_network_quincunx
          [nicolae_vaults_network_quincunx_subvault,
          nicolae_vaults_network_quincunx_subvault,
          nicolae_vaults_network_quincunx_subvault,
          nicolae_vaults_network_quincunx_subvault,
          nicolae_vaults_network_quincunx_subvault], vaults_dpeg_ring,
          hangedman_vaults_corner_blocks, vaults_mumra_lcd,
          layout_vaults_omnibox
Vaults:3: v_misc_1, st_lattice, ontoclasm_vaults_claustrophobia,
          v_alt_pattern_5, ontoclasm_vaults_bender, hangedman_vaults_capsules,
          vaults_mumra_minichess_inversion, ontoclasm_vaults_misaligned,
          v_misc_22, nicolae_vaults_border_crossing, layout_vaults_chaotic_city,
          serial_shops, bzr_entry_lakeside
Vaults:4: hangedman_vaults_nails, nicolae_vaults_big_angled_halls, v_misc_27,
          hangedman_vaults_locks, vaults_room_corners, nicolae_vaults_arrows,
          hangedman_vaults_hat, serial_ice_h, vaults_room_hallway,
          nicolae_vaults_little_squares_3, layout_vaults_omnicross,
          serial_shops, nicolae_shop_behind_doors
Vaults:5: serial_shops, uniq_mennas, uniq_margery
Depths:1: layout_honeycomb, enter_ziggurat_c, pan_entry, pf_coc_iceberg,
          serial_shops, nicolae_shop_competitors_out_of_business,
          nicolae_inconvenience_store, nicolae_shop_trees, corexii_corridor_pit,
          hangedman_decor_clover_reticule, nicolae_specific_store,
          nemelex_diamond_rough_becter, uniq_nikola
Depths:2: minmay_split_circle, layout_honeycomb,
          nicolae_abyss_entry_one_way_or_another, chequers_big_river,
          hell_entry, kennysheep_generic_room_9
Depths:3: hangedman_grunt_twisty_little_passages, layout_basic,
          hangedman_geh_valley, grunt_decor_one_mirror, grunt_pan_entry_spiral

Skill      XL: |  1  2  3  4  5  6  7  8  9 10 11 12 13 14 15 16 17 18 19 20 21 22 23 24 25 |
---------------+----------------------------------------------------------------------------+-----
Short Blades   | 2 3 4 5 6 10 12 14 15 16 | 16.5
Dodging        | 3 4 5 6 8 10 12 13 14 15 16 17 18 | 18.0
Stealth        | 5 6 8 10 11 14 16 17 18 19 20 | 20.1
Conjurations   | 1 2 3 4 6 |  6.0
Ice Magic      | 1 2 3 4 6 |  6.0
Hexes          | 5 6 7 10 13 14 16 17 18 19 | 19.1
Spellcasting   | 3 4 5 6 8 10 | 10.0
Fighting       | 1 2 5 6 8 10 11 12 13 14 15 16 | 16.0
Shields        | 2 5 6 7 8 9 10 | 10.0
Evocations     | 3 5 7 8 9 |  9.0
Translocations | 3 6 9 10 | 10.0
Earth Magic    | 2 4 |  4.0
Air Magic      | 2 4 |  4.0
Transmutations | 2 4 |  4.0
Poison Magic   | 4 |  4.0
Armour         | 3 6 7 9 10 | 10.0

Action                   |  1- 3 |  4- 6 |  7- 9 | 10-12 | 13-15 | 16-18 | 19-21 | 22-24 | 25-27 || total
-------------------------+-------+-------+-------+-------+-------+-------+-------+-------+-------++-------
Melee: Dagger            |    55 |   139 |   298 |   343 |   726 |       |       |       |       ||  1561
       Rapier            |       |       |       |       |   275 |   626 |   817 |    93 |       ||  1811
       Short sword       |       |       |       |       |       |    32 |       |       |       ||    32
       Quick blade       |       |       |       |       |       |       |       |  1132 |   149 ||  1281
 Cast: Corona            |     4 |     2 |     1 |       |       |       |       |       |       ||     7
       Ensorcelled Hiber |     4 |    43 |    46 |    79 |   131 |    27 |   201 |    62 |       ||   593
       Confusing Touch   |       |       |     7 |     6 |     5 |     7 |    19 |    21 |       ||    65
       Dazzling Flash    |       |       |       |    21 |    55 |    19 |    59 |    42 |       ||   196
       Invisibility      |       |       |       |       |    24 |    24 |    14 |     8 |       ||    70
       Cause Fear        |       |       |       |       |     1 |       |     2 |       |       ||     3
       Mephitic Cloud    |       |       |       |       |       |       |       |     7 |       ||     7
Invok: Lunge             |       |       |       |     9 |   118 |   118 |   132 |   128 |     4 ||   509
       Whirlwind         |       |       |       |       |   333 |   122 |    94 |   255 |    40 ||   844
       Serpent's Lash    |       |       |       |       |     2 |    14 |    14 |    13 |       ||    43
       Heavenly Storm    |       |       |       |       |       |       |       |       |     1 ||     1
 Abil: Wall Jump         |       |       |       |       |       |    58 |    48 |    24 |     1 ||   131
Evoke: Wand              |       |       |       |       |       |       |     1 |       |     1 ||     2
  Use: Scroll            |       |     8 |    11 |     8 |     5 |     5 |     3 |    11 |       ||    51
       Potion            |       |       |       |       |       |     1 |     4 |       |     4 ||     9
 Stab: Sleeping          |    19 |    38 |    46 |    78 |   122 |   162 |   232 |   193 |     2 ||   892
       Confused          |       |       |     8 |     9 |     4 |     4 |    17 |    26 |       ||    68
       Invisible         |       |       |       |    17 |   147 |    91 |    90 |    83 |       ||   428
       Distracted        |       |       |       |       |     5 |     5 |    13 |    15 |     1 ||    39
       Fleeing           |       |       |       |       |     1 |       |       |       |       ||     1
Armor: Robe              |     8 |     9 |       |       |       |       |       |       |       ||    17
       Troll leather arm |       |       |    36 |    29 |    53 |    23 |    49 |    52 |     2 ||   244
Dodge: Dodged            |    37 |    91 |   131 |   107 |   408 |   214 |   424 |   438 |    43 ||  1893
Block: Buckler           |       |       |    44 |    96 |   251 |   129 |   301 |   323 |    25 ||  1169
       Reflection        |       |       |     3 |     6 |     5 |     6 |    35 |    26 |     2 ||    83

Table legend: (Time is in decaauts)
 A = Elapsed time spent in this place.
 B = Non-inter-level travel time spent in this place.
 C = Inter-level travel time spent in this place.
 D = Time resting spent in this place.
 E = Time spent auto-exploring this place.
 F = Levels seen in this place.
 G = Mean time per level.
                   A        B        C        D        E       F      G
               +--------+--------+--------+--------+--------+-----+--------+
         Total |  62172 |  55796 |   6376 |   2525 |  43230 |  46 | 1351.6 |
       Dungeon |  20607 |  17458 |   3149 |    207 |  14084 |  15 | 1373.8 |
        Temple |    281 |    245 |     36 |      0 |    244 |   1 |  281.0 |
          Lair |   7009 |   6483 |    526 |    100 |   5498 |   6 | 1168.2 |
         Swamp |   4324 |   4159 |    165 |    267 |   3223 |   4 | 1081.0 |
     Snake Pit |   5866 |   5377 |    489 |    166 |   4284 |   4 | 1466.5 |
  Orcish Mines |   2878 |   2245 |    633 |    150 |   1627 |   2 | 1439.0 |
   Elven Halls |   6085 |   5462 |    623 |   1138 |   3144 |   3 | 2028.3 |
        Vaults |  10099 |   9562 |    537 |    281 |   7302 |   5 | 2019.8 |
        Depths |   3760 |   3545 |    215 |      0 |   3149 |   3 | 1253.3 |
        Bazaar |     92 |     92 |      0 |      0 |     67 |   1 |   92.0 |
         Sewer |    208 |    208 |      0 |      0 |    116 |   1 |  208.0 |
      Ice Cave |    958 |    958 |      0 |    216 |    490 |   1 |  958.0 |
               +--------+--------+--------+--------+--------+-----+--------+

Top non-repeatable levels by time:
Vaults:3: 2834 daAuts
 Snake:4: 2419 daAuts
Vaults:4: 2376 daAuts
     D:2: 2271 daAuts
Vaults:1: 2224 daAuts
   Elf:2: 2208 daAuts
   Elf:3: 2171 daAuts
   Orc:2: 2148 daAuts
    D:11: 1925 daAuts
Depths:2: 1917 daAuts
  Lair:6: 1801 daAuts
     D:8: 1795 daAuts
Depths:1: 1788 daAuts
   Elf:1: 1705 daAuts
Vaults:2: 1625 daAuts
